 Dungeon Crawl Stone Soup version 0.27-a0-836-gfc908b8576 (webtiles) character file.

Game seed: 8136420585687014150

245 Aviak the Skirmisher (level 6, -1/48 HPs)
             Began as a Djinni Monk on Mar 31, 2021.
             Slain by a river rat (7 damage)
             ... on level 4 of the Dungeon.
             The game lasted 00:04:20 (3610 turns).

Aviak the Skirmisher (Djinni Monk)                  Turns: 3610, Time: 00:04:21

Health: -1/48      AC:  3    Str: 10    XL:     6   Next: 10%
Gold:   77         EV: 13    Int: 14    God:
                   SH:  0    Dex: 15

rFire    + + .     SeeInvis .   a - +0 falchion
rCold    . . .     Faith    .   (no shield)
rNeg     . . .     Spirit   .   b - +0 robe
rPois    ∞         Reflect  .   (helmet currently unavailable)
rElec    .         Harm     .   (no cloak)
rCorr    .         Rampage  .   h - +0 pair of gloves
Will     .....                  (boots unavailable)
Stlth    ++........             (no amulet)
HPRegen  0.16/turn              C - ring of protection from cold
MPRegen  0.00/turn              (no ring)

@: appendages, flying
A: horns 2, flying, fire resistance 2, cold vulnerability 1, float, innate
caster, hp casting, extra vitality 1
a: End Transformation


You were on level 4 of the Dungeon.
You had temporarily grown beastly horns.
You visited 1 branch of the dungeon, and saw 4 of its levels.

You collected 77 gold pieces.

Inventory:

Hand Weapons
 a - a +0 falchion (weapon)
Armour
 b - a +0 robe (worn)
 h - a +0 pair of gloves (worn)
Magical Staves
 m - a staff of conjuration {!a}
Jewellery
 C - a ring of protection from cold (left hand)
Scrolls
 e - a scroll of amnesia {unknown}
 f - a scroll of holy word {unknown}
 g - a scroll of magic mapping {unknown}
 l - a scroll of fog
 t - 2 scrolls of teleportation
Potions
 j - a potion of flight


   Skills:
 + Level 4.5 Fighting
 + Level 4.1 Long Blades
 - Level 3.2 Dodging
 - Level 1.5 Stealth
 + Level 2.5 Spellcasting


You had 7 spell levels left.
You knew the following spells:

 Your Spells              Type           Power      Damage    Failure   Level
a - Beastly Appendage     Tmut           16%        N/A       8%          1
b - Poisonous Vapours     Pois/Air       16%        N/A       12%         2
Your spell library was empty.

Dungeon Overview and Level Annotations

Branches:
Dungeon (4/15)
 Temple: D:4-7

Altars:

Shops:
D:3 =

Portals:
Sewer: D:4


Innate Abilities, Weirdness & Mutations

You have temporarily grown beastly horns.
You are flying.
You are immune to poison.
Your flesh is very heat resistant. (rF++)
You are vulnerable to cold. (rC-)
You float through the air rather than walking.
You learn spells naturally, not from books.
Your magical power is your life essence.
You have superior vitality. (+4 HP)


Message History

Your +0 robe unmelds from your body.
The quokka completely misses you. The scorpion completely misses you.
The quokka completely misses you. The orc barely misses you.
The scorpion stings you.
* * * LOW HITPOINT WARNING * * *
Unknown command.
You barely miss the scorpion.
The scorpion is almost dead.
The quokka closely misses you. The scorpion closely misses you.
The orc closely misses you.
You riposte.
You completely miss the orc.
The orc is moderately wounded.
You hit the scorpion.
You kill the scorpion!
You kill the quokka!
The orc hits you with a +0 club.
* * * LOW HITPOINT WARNING * * *
Your Long Blades skill increases to level 4!
You have reached level 6!
Your experience leads to an increase in your attributes!
Increase (S)trength, (I)ntelligence, or (D)exterity?
You feel clever.
You feel better.
The river rat bites you but does no damage.
The orc misses you.
Casting: Poisonous Vapours (safe; 12% risk of failure)
Confirm with . or Enter, or press ? or * to list all spells.
Aiming: Poisonous Vapours (safe; 12% risk of failure)
Press: ? - help, Dir - move target, f - orc
Aim: an orc, wielding a +0 club and wearing a +0 ring mail (moderately wounded) Poisonous vapours surround the orc!
* * * LOW HITPOINT WARNING * * *
The river rat bites you.
* * * LOW HITPOINT WARNING * * *
The orc is engulfed in poison gas.
The orc is poisoned.
You kill the orc!
Casting: Poisonous Vapours (safe; 12% risk of failure)
Confirm with . or Enter, or press ? or * to list all spells.
You grow a pair of large bovine horns.
* * * LOW HITPOINT WARNING * * *
You hear the slow rusting of a drain nearby.
The river rat bites you!
You die...

.... .....
###...#
##......##
......... ..
#......##
..####.....)##
.....#....†r@#
...........†##
............#
#.##.......##
#......#..#
#......####
.......o#
......s).
........#.


You could see a river rat.

Vanquished Creatures
  2 scorpions (D:4)
  A gnoll (D:1)
  2 adders
  A river rat (D:4)
  A white imp (D:2)
  A worm (D:3)
  2 dart slugs
  2 orcs
  2 ball pythons
  9 endoplasms
  6 giant cockroaches
  4 goblins
  10 hobgoblins
  4 jackals (D:1)
  4 quokkas
  4 bats
  4 frilled lizards
  2 kobolds
  8 rats
69 creatures vanquished.

Vanquished Creatures (collateral kills)
  2 orcs (D:4)
  A ball python (D:4)
  A rat (D:4)
4 creatures vanquished.

Vanquished Creatures (others)
  20 plants (D:2)
20 creatures vanquished.

Grand Total: 93 creatures vanquished

Notes
Turn   | Place    | Note
-------+----------+-------------------------------------------
     0 | D:1      | Aviak the Djinni Monk began the quest for the Orb.
     0 | D:1      | Reached XP level 1. HP: 20/20 MP: 0/0
   236 | D:1      | Reached XP level 2. HP: 17/25 MP: 0/0
   361 | D:1      | HP: 1/25 [kobold/+0 short sword (6)]
  1039 | D:1      | Reached skill level 1 in Spellcasting
  1059 | D:1      | Reached XP level 3. HP: 30/30 MP: 0/0
  1059 | D:1      | Learned a level 1 spell: Beastly Appendage
  1800 | D:2      | Reached XP level 4. HP: 32/37 MP: 0/0
  3005 | D:3      | Found Hoasch's Jewellery Shop.
  3552 | D:4      | Noticed an orc warrior
  3558 | D:4      | Found a glowing drain.
  3561 | D:4      | Noticed a scorpion
  3584 | D:4      | Reached XP level 5. HP: 39/41 MP: 0/0
  3584 | D:4      | Learned a level 2 spell: Poisonous Vapours
  3608 | D:4      | Reached XP level 6. HP: 8/48 MP: 0/0
  3610 | D:4      | Slain by a river rat

Illustrated notes

Levels and vault maps discovered:
D:1:      lightli_arrival_chessboard, layout_basic, serial_rivers,
          chequers_serial_rivers_micro_d, chequers_serial_rivers_micro_c,
          chequers_serial_rivers_small_3, chequers_serial_rivers_micro_a,
          chequers_serial_rivers_micro_a, minmay_three_crescents
D:2:      layout_loops_cross, serial_bayou, serial_bayou_lagoon_a,
          serial_bayou_pond_a, serial_bayou_shore_b, serial_bayou_lagoon_b,
          serial_bayou_shore_b, serial_bayou_pond_d
D:3:      layout_basic, serial_shops, shop_statue
D:4:      layout_cave_pools, zin_angel, portal_sewer_entry_a,
          minmay_misc_feat_columns, grunt_decor_one_mirror

Skill      XL: |  1  2  3  4  5 |
---------------+----------------+-----
Long Blades    | 3 4 |  4.1
Spellcasting   | 1 2 |  2.5
Fighting       | 4 |  4.5
Dodging        | |  3.2
Stealth        | |  1.5

Action                   |  1- 3 |  4- 6 || total
-------------------------+-------+-------++-------
Melee: Falchion          |   102 |   118 ||   220
 Cast: Poisonous Vapours |       |     6 ||     6
       Beastly Appendage |       |     1 ||     1
  Use: Scroll            |     1 |     8 ||     9
       Potion            |       |     3 ||     3
 Stab: Sleeping          |     6 |     1 ||     7
Armor: Robe              |    17 |    23 ||    40
       Skin              |       |    79 ||    79
Dodge: Dodged            |    71 |    91 ||   162
       Rpst.: Falchion   |    17 |    29 ||    46

Table legend: (Time is in decaauts)
 A = Elapsed time spent in this place.
 B = Non-inter-level travel time spent in this place.
 C = Inter-level travel time spent in this place.
 D = Time resting spent in this place.
 E = Time spent auto-exploring this place.
 F = Levels seen in this place.
 G = Mean time per level.
                   A        B        C        D        E       F      G
               +--------+--------+--------+--------+--------+-----+--------+
         Total |   3641 |   3572 |     69 |    465 |   2541 |   4 |  910.2 |
       Dungeon |   3641 |   3572 |     69 |    465 |   2541 |   4 |  910.2 |
               +--------+--------+--------+--------+--------+-----+--------+

Top non-repeatable levels by time:
     D:1: 1600 daAuts
     D:2: 1219 daAuts
     D:3: 620 daAuts
     D:4: 201 daAuts
